[ AOE2 MATCH · #463074832 ]
Team RMBulgarians vs Persians
[ REPLAY ANALYSIS · EXTRACTED FROM THE RECORDED GAME ]
Feudal
15:43
Castle
32:20
Imperial
—
| APM avg | 2.5 |
| APM peak | 18 |
| eAPM avg | 2.3 |
| Villagers / military | 30 / 16 |
Focus
⚔️ 17.0% · 🌾 83.0%
Militia ×16 · Trade Cart ×6
Feudal
10:58
Castle
23:05
Imperial
41:42
| APM avg | 16.7 |
| APM peak | 79 |
| eAPM avg | 11.0 |
| Villagers / military | 109 / 47 |
Focus
⚔️ 10.5% · 🌾 89.5%
War Elephant ×38 · Trade Cart ×23 · Monk ×6 · Spearman ×3
Feudal
16:36
Castle
—
Imperial
—
| APM avg | 2.8 |
| APM peak | 12 |
| eAPM avg | 2.6 |
| Villagers / military | 34 / 9 |
Focus
⚔️ 18.6% · 🌾 81.4%
Scout Cavalry ×7 · Militia ×2
Feudal
—
Castle
—
Imperial
—
| APM avg | 29.1 |
| APM peak | 77 |
| eAPM avg | 10.7 |
| Villagers / military | 59 / 84 |
Focus
⚔️ 29.2% · 🌾 70.8%
Militia ×84
Feudal
12:11
Castle
19:32
Imperial
40:43
| APM avg | 16.3 |
| APM peak | 84 |
| eAPM avg | 12.6 |
| Villagers / military | 114 / 119 |
Focus
⚔️ 32.4% · 🌾 67.6%
Militia ×117 · Trade Cart ×7 · Monk ×1 · Trebuchet (Packed) ×1
Feudal
13:31
Castle
23:40
Imperial
—
| APM avg | 9.5 |
| APM peak | 67 |
| eAPM avg | 6.1 |
| Villagers / military | 53 / 63 |
Focus
⚔️ 21.1% · 🌾 78.9%
Huskarl ×63
Feudal
—
Castle
—
Imperial
—
| APM avg | 8.0 |
| APM peak | 25 |
| eAPM avg | 5.1 |
| Villagers / military | 53 / 64 |
Focus
⚔️ 40.0% · 🌾 60.0%
Knight ×45 · Trade Cart ×18 · Militia ×13 · Petard ×5 · Monk ×1
Feudal
13:26
Castle
22:56
Imperial
46:00
| APM avg | 11.6 |
| APM peak | 63 |
| eAPM avg | 5.8 |
| Villagers / military | 60 / 21 |
Focus
⚔️ 28.8% · 🌾 71.2%
Mangudai ×12 · Camel Scout ×7 · Cavalry Archer ×2
Match map
Initial resources + every placement click. Lines = walls · curves = elevation contours. ◆ gold · ⬟ stone · ● berries · ✦ relic · ◌ wall gap
Your base· Open — unwalled flank
TU RICO PRESI's base· Open — unwalled flank
jmtown's base· Open — unwalled flank
Matheus wn8088's base· Open — unwalled flank
FreshlySqueezed's base· Open — unwalled flank
Muscovy's base· Open — unwalled flank
GUSTAVO-nardes's base· Open — unwalled flank
Bob's base· Open — unwalled flank
Smoothed initial terrain · ◌ = detected wall gap · hover for details
Inputs per minute
— godiswelcome15 - - TU RICO PRESI
Build order — godiswelcome15
93 actions detected in the replay
| 3:44 | Build | House |
| 3:51 | Build | House |
| 3:54 | Build | House |
| 3:56 | Build | House |
| 4:28 | Create | Villager (Male) |
| 4:28 | Create | Villager (Male) |
| 4:29 | Create | Villager (Male) |
| 4:30 | Research | Loom |
| 6:29 | Build | Lumber Camp |
| 7:30 | Create | Villager (Male) |
| 7:31 | Create | Villager (Male) |
| 7:31 | Create | Villager (Male) |
| 7:32 | Create | Villager (Male) |
| 7:32 | Create | Villager (Male) |
| 8:40 | Build | Mill |
| 13:33 | Research | Feudal Age |
| 14:15 | Create | Villager (Male) |
| 14:16 | Create | Villager (Male) |
| 14:16 | Create | Villager (Male) |
| 14:17 | Create | Villager (Male) |
| 14:17 | Create | Villager (Male) |
| 14:17 | Create | Villager (Male) |
| 15:43 | Age | Feudal Age |
| 16:52 | Research | Horse Collar |
| 17:31 | Build | Blacksmith |
| 18:15 | Build | Market |
| 20:44 | Build | Mining Camp |
| 25:06 | Build | House |
| 26:35 | Build | Farm |
| 26:57 | Build | Farm |
| 27:01 | Build | Farm |
| 27:04 | Build | Farm |
| 27:13 | Build | Farm |
| 27:16 | Build | Farm |
| 27:19 | Build | Farm |
| 27:20 | Build | Farm |
| 27:23 | Build | Farm |
| 27:24 | Build | Farm |
| 29:11 | Create | Trade Cart |
| 29:12 | Create | Trade Cart |
| 29:12 | Create | Trade Cart |
| 29:13 | Create | Trade Cart |
| 29:13 | Create | Trade Cart |
| 29:13 | Create | Trade Cart |
| 29:40 | Research | Castle Age |
| 32:20 | Age | Castle Age |
| 35:50 | Build | Barracks |
| 39:05 | Build | Monastery |
| 40:10 | Create | Villager (Male) |
| 40:10 | Create | Villager (Male) |
| 40:11 | Create | Villager (Male) |
| 40:11 | Create | Villager (Male) |
| 40:12 | Create | Villager (Male) |
| 40:12 | Create | Villager (Male) |
| 40:13 | Create | Villager (Male) |
| 40:13 | Create | Villager (Male) |
| 40:13 | Create | Villager (Male) |
| 40:14 | Create | Villager (Male) |
| 40:14 | Create | Villager (Male) |
| 40:15 | Create | Villager (Male) |
| 40:15 | Create | Villager (Male) |
| 40:16 | Create | Villager (Male) |
| 40:16 | Create | Villager (Male) |
| 40:16 | Create | Villager (Male) |
| 41:32 | Create | Militia |
| 41:32 | Create | Militia |
| 41:33 | Create | Militia |
| 41:33 | Create | Militia |
| 41:34 | Create | Militia |
| 41:34 | Create | Militia |
| 41:34 | Create | Militia |
| 41:35 | Create | Militia |
| 41:35 | Create | Militia |
| 41:36 | Create | Militia |
| 41:36 | Create | Militia |
| 41:36 | Create | Militia |
| 41:37 | Create | Militia |
| 41:37 | Create | Militia |
| 41:38 | Create | Militia |
| 41:38 | Create | Militia |
| 42:44 | Build | Farm |
| 43:41 | Build | House |
| 43:44 | Build | House |
| 43:46 | Build | House |
| 43:47 | Build | House |
| 43:49 | Build | House |
| 43:55 | Build | House |
| 43:56 | Build | House |
| 43:58 | Build | House |
| 43:58 | Build | House |
| 43:59 | Build | House |
| 44:05 | Build | House |
| 44:06 | Build | House |
Build order — TU RICO PRESI
First 150 of 313 actions detected
| 0:21 | Build | House |
| 0:26 | Create | Villager (Male) |
| 0:26 | Create | Villager (Male) |
| 0:42 | Create | Villager (Male) |
| 0:42 | Create | Villager (Male) |
| 0:43 | Create | Villager (Male) |
| 0:43 | Create | Villager (Male) |
| 1:04 | Build | House |
| 2:14 | Create | Villager (Male) |
| 2:14 | Create | Villager (Male) |
| 2:50 | Create | Villager (Male) |
| 2:50 | Create | Villager (Male) |
| 3:02 | Create | Villager (Male) |
| 3:28 | Create | Villager (Male) |
| 3:51 | Build | Mill |
| 3:54 | Create | Villager (Male) |
| 4:09 | Build | Lumber Camp |
| 4:15 | Create | Villager (Male) |
| 4:50 | Build | House |
| 4:51 | Build | House |
| 4:56 | Create | Villager (Male) |
| 4:56 | Create | Villager (Male) |
| 5:48 | Create | Villager (Male) |
| 6:29 | Create | Villager (Male) |
| 6:30 | Create | Villager (Male) |
| 6:59 | Create | Villager (Male) |
| 7:10 | Create | Villager (Male) |
| 7:39 | Build | Farm |
| 7:40 | Build | Farm |
| 7:41 | Build | Farm |
| 7:45 | Create | Villager (Male) |
| 7:46 | Create | Villager (Male) |
| 8:03 | Build | House |
| 8:08 | Create | Villager (Male) |
| 8:10 | Create | Villager (Male) |
| 8:54 | Research | Feudal Age |
| 10:07 | Create | Villager (Male) |
| 10:08 | Create | Villager (Male) |
| 10:08 | Create | Villager (Male) |
| 10:28 | Create | Villager (Male) |
| 10:29 | Create | Villager (Male) |
| 10:52 | Create | Villager (Male) |
| 10:58 | Age | Feudal Age |
| 11:30 | Create | Villager (Male) |
| 11:31 | Create | Villager (Male) |
| 11:42 | Build | Farm |
| 11:43 | Build | Farm |
| 12:03 | Build | Market |
| 12:17 | Create | Villager (Male) |
| 12:17 | Create | Villager (Male) |
| 12:32 | Build | Farm |
| 12:33 | Build | Farm |
| 13:00 | Research | Horse Collar |
| 13:13 | Build | Barracks |
| 13:22 | Create | Villager (Male) |
| 13:22 | Create | Villager (Male) |
| 13:33 | Create | Villager (Male) |
| 13:43 | Build | House |
| 13:47 | Build | House |
| 13:49 | Build | House |
| 13:59 | Build | Barracks |
| 14:06 | Create | Villager (Male) |
| 14:06 | Create | Villager (Male) |
| 15:17 | Create | Villager (Male) |
| 15:17 | Create | Villager (Male) |
| 15:22 | Create | Spearman |
| 15:22 | Create | Spearman |
| 15:22 | Create | Spearman |
| 15:32 | Create | Villager (Male) |
| 15:59 | Build | Lumber Camp |
| 16:20 | Build | Lumber Camp |
| 16:24 | Create | Villager (Male) |
| 16:25 | Create | Villager (Male) |
| 16:47 | Build | Blacksmith |
| 16:54 | Create | Villager (Male) |
| 17:18 | Build | Farm |
| 17:20 | Build | Farm |
| 17:37 | Build | House |
| 17:48 | Build | Farm |
| 18:00 | Build | House |
| 18:10 | Create | Villager (Male) |
| 18:11 | Create | Villager (Male) |
| 18:11 | Create | Villager (Male) |
| 18:33 | Build | Mining Camp |
| 18:40 | Create | Villager (Male) |
| 18:56 | Build | Farm |
| 19:01 | Research | Double-Bit Axe |
| 19:16 | Build | House |
| 19:18 | Build | House |
| 19:20 | Build | House |
| 19:54 | Create | Trade Cart |
| 19:55 | Create | Trade Cart |
| 20:06 | Build | Mining Camp |
| 20:36 | Build | Mining Camp |
| 20:39 | Research | Castle Age |
| 20:44 | Research | Scale Barding Armor |
| 21:26 | Research | Gold Mining |
| 21:37 | Create | Villager (Male) |
| 21:38 | Create | Villager (Male) |
| 22:22 | Build | Stone Wall |
| 22:29 | Build | Gate |
| 22:33 | Build | Gate |
| 23:05 | Age | Castle Age |
| 23:24 | Build | Town Center |
| 23:30 | Create | Villager (Male) |
| 23:30 | Create | Villager (Male) |
| 23:30 | Create | Villager (Male) |
| 23:30 | Create | Villager (Male) |
| 23:31 | Create | Villager (Male) |
| 23:48 | Build | Town Center |
| 24:11 | Create | Villager (Male) |
| 24:12 | Create | Villager (Male) |
| 24:12 | Create | Villager (Male) |
| 24:25 | Create | Villager (Male) |
| 24:25 | Create | Villager (Male) |
| 24:26 | Create | Villager (Male) |
| 24:26 | Create | Villager (Male) |
| 24:26 | Create | Villager (Male) |
| 24:58 | Create | Trade Cart |
| 24:58 | Create | Trade Cart |
| 25:43 | Create | Villager (Male) |
| 25:44 | Create | Villager (Male) |
| 25:58 | Create | Villager (Male) |
| 25:58 | Create | Villager (Male) |
| 25:58 | Create | Villager (Male) |
| 26:22 | Build | Castle |
| 26:41 | Create | Villager (Male) |
| 26:42 | Create | Villager (Male) |
| 27:01 | Build | Town Center |
| 27:17 | Create | Villager (Male) |
| 27:17 | Create | Villager (Male) |
| 27:57 | Build | House |
| 27:58 | Build | House |
| 27:59 | Build | House |
| 28:00 | Build | House |
| 28:14 | Build | House |
| 28:14 | Build | House |
| 28:14 | Build | House |
| 28:14 | Build | House |
| 28:15 | Build | House |
| 28:15 | Build | House |
| 28:16 | Build | House |
| 28:16 | Build | House |
| 28:16 | Build | House |
| 28:17 | Build | House |
| 28:17 | Build | House |
| 28:17 | Build | House |
| 28:17 | Build | House |
| 28:18 | Build | House |
| 28:19 | Build | House |
Build order — jmtown
71 actions detected in the replay
| 1:38 | Research | Loom |
| 1:40 | Create | Villager (Male) |
| 1:41 | Create | Villager (Male) |
| 1:41 | Create | Villager (Male) |
| 1:41 | Create | Villager (Male) |
| 1:42 | Create | Villager (Male) |
| 1:42 | Create | Villager (Male) |
| 3:08 | Build | Mining Camp |
| 3:42 | Build | Mill |
| 5:40 | Create | Villager (Male) |
| 5:40 | Create | Villager (Male) |
| 5:40 | Create | Villager (Male) |
| 5:41 | Create | Villager (Male) |
| 6:30 | Build | Lumber Camp |
| 8:08 | Create | Villager (Male) |
| 8:08 | Create | Villager (Male) |
| 8:08 | Create | Villager (Male) |
| 8:08 | Create | Villager (Male) |
| 8:29 | Create | Villager (Male) |
| 8:30 | Create | Villager (Male) |
| 9:18 | Build | Farm |
| 9:33 | Build | Farm |
| 10:03 | Build | Farm |
| 10:50 | Create | Villager (Male) ×4 |
| 12:23 | Build | Farm |
| 13:07 | Build | Farm |
| 13:34 | Build | Farm |
| 14:26 | Research | Feudal Age |
| 14:28 | Create | Villager (Male) |
| 14:29 | Create | Villager (Male) |
| 14:29 | Create | Villager (Male) |
| 14:30 | Create | Villager (Male) |
| 14:30 | Create | Villager (Male) |
| 14:31 | Create | Villager (Male) |
| 15:33 | Build | Lumber Camp |
| 16:36 | Age | Feudal Age |
| 16:43 | Research | Wheelbarrow |
| 16:44 | Research | Town Watch |
| 17:07 | Build | Barracks |
| 18:12 | Research | Arson |
| 18:16 | Create | Militia |
| 18:16 | Create | Militia |
| 31:21 | Research | Double-Bit Axe |
| 32:28 | Build | Lumber Camp |
| 34:32 | Build | Town Center |
| 37:37 | Build | Lumber Camp |
| 38:35 | Build | Mining Camp |
| 38:43 | Create | Villager (Male) |
| 38:43 | Create | Villager (Male) |
| 38:43 | Create | Villager (Male) |
| 38:44 | Create | Villager (Male) |
| 38:44 | Create | Villager (Male) |
| 38:44 | Create | Villager (Male) |
| 39:28 | Build | Stable |
| 40:06 | Build | Mining Camp |
| 40:41 | Build | Farm |
| 40:43 | Build | Farm |
| 40:46 | Build | Farm |
| 41:38 | Build | Farm |
| 42:01 | Build | Farm |
| 42:46 | Research | Gold Mining |
| 43:36 | Create | Scout Cavalry |
| 43:36 | Create | Scout Cavalry |
| 44:25 | Create | Scout Cavalry |
| 44:26 | Create | Scout Cavalry |
| 45:18 | Create | Villager (Male) |
| 45:18 | Create | Villager (Male) |
| 45:53 | Create | Scout Cavalry |
| 47:09 | Create | Scout Cavalry |
| 47:10 | Create | Scout Cavalry |
| 47:33 | Research | Stone Mining |
Build order — Matheus wn8088
First 150 of 238 actions detected
| 0:05 | Build | House |
| 0:08 | Build | House |
| 0:15 | Create | Villager (Male) |
| 0:15 | Create | Villager (Male) |
| 0:15 | Create | Villager (Male) |
| 0:15 | Create | Villager (Male) |
| 0:27 | Build | House |
| 2:12 | Create | Villager (Male) |
| 2:12 | Create | Villager (Male) |
| 2:56 | Create | Villager (Male) |
| 3:18 | Create | Villager (Male) |
| 3:18 | Create | Villager (Male) |
| 4:32 | Create | Villager (Male) |
| 4:33 | Create | Villager (Male) |
| 4:33 | Create | Villager (Male) |
| 4:33 | Create | Villager (Male) |
| 5:51 | Create | Villager (Male) |
| 5:51 | Create | Villager (Male) |
| 5:51 | Create | Villager (Male) |
| 6:50 | Build | Mill |
| 8:44 | Create | Villager (Male) |
| 8:44 | Create | Villager (Male) |
| 8:50 | Build | House |
| 8:53 | Build | House |
| 9:22 | Build | Barracks |
| 9:25 | Build | Lumber Camp |
| 9:40 | Create | Villager (Male) |
| 9:54 | Build | Mining Camp |
| 10:34 | Research | Feudal Age |
| 11:07 | Build | Barracks |
| 11:08 | Create | Militia |
| 11:56 | Create | Militia |
| 11:59 | Create | Militia |
| 11:59 | Create | Militia |
| 12:13 | Create | Villager (Male) |
| 12:14 | Create | Villager (Male) |
| 12:39 | Create | Militia |
| 12:59 | Build | House |
| 13:03 | Build | House |
| 13:52 | Build | Farm |
| 13:52 | Build | Farm |
| 13:52 | Build | Farm |
| 13:53 | Build | Farm |
| 13:53 | Build | Farm |
| 13:53 | Build | Farm |
| 13:53 | Build | Farm |
| 13:54 | Build | Farm |
| 14:10 | Research | Man-at-Arms (upgrade) |
| 14:13 | Research | Arson |
| 14:18 | Build | Farm |
| 14:25 | Build | Farm |
| 14:45 | Build | Farm |
| 14:56 | Create | Villager (Male) |
| 15:12 | Create | Militia |
| 15:12 | Create | Militia |
| 15:12 | Create | Militia |
| 15:23 | Create | Villager (Male) |
| 15:34 | Build | Farm |
| 15:35 | Build | Farm |
| 16:46 | Build | Market |
| 17:13 | Research | Loom |
| 17:13 | Create | Villager (Male) |
| 17:14 | Create | Villager (Male) |
| 17:14 | Create | Villager (Male) |
| 17:15 | Create | Villager (Male) |
| 17:19 | Create | Militia |
| 17:19 | Create | Militia |
| 17:19 | Create | Militia |
| 17:20 | Create | Militia |
| 17:20 | Create | Militia |
| 18:12 | Build | House |
| 18:19 | Build | House |
| 18:22 | Build | House |
| 18:31 | Create | Militia |
| 18:31 | Create | Militia |
| 18:34 | Create | Militia |
| 18:34 | Create | Militia |
| 19:00 | Build | Mill |
| 19:28 | Build | Mining Camp |
| 19:31 | Create | Villager (Male) |
| 19:31 | Create | Villager (Male) |
| 19:32 | Create | Villager (Male) |
| 19:33 | Create | Villager (Male) |
| 19:45 | Build | House |
| 20:00 | Build | Farm |
| 20:00 | Build | Farm |
| 20:01 | Build | Farm |
| 20:13 | Create | Militia |
| 20:13 | Create | Militia |
| 20:13 | Create | Militia |
| 20:14 | Create | Militia |
| 20:15 | Create | Militia |
| 20:15 | Create | Militia |
| 21:01 | Create | Villager (Male) |
| 21:01 | Create | Villager (Male) |
| 21:03 | Create | Villager (Male) |
| 21:04 | Create | Villager (Male) |
| 21:17 | Build | House |
| 21:39 | Create | Villager (Male) |
| 21:49 | Build | Blacksmith |
| 22:48 | Build | Farm |
| 22:48 | Build | Farm |
| 22:49 | Build | Farm |
| 22:57 | Build | House |
| 23:30 | Research | Castle Age |
| 23:36 | Build | Farm |
| 24:16 | Build | Farm |
| 24:18 | Build | Farm |
| 24:20 | Build | Farm |
| 24:25 | Build | Farm |
| 24:26 | Build | Farm |
| 25:10 | Create | Militia |
| 25:10 | Create | Militia |
| 25:10 | Create | Militia |
| 25:13 | Create | Militia |
| 25:34 | Build | House |
| 25:39 | Build | Farm |
| 26:09 | Build | House |
| 26:40 | Build | House |
| 27:24 | Build | House |
| 27:52 | Build | House |
| 27:57 | Research | Long Swordsman (upgrade) |
| 27:59 | Research | Gambesons |
| 28:07 | Build | Blacksmith |
| 28:33 | Build | House |
| 29:51 | Research | Scale Mail Armor |
| 31:09 | Create | Militia |
| 31:09 | Create | Militia |
| 31:09 | Create | Militia |
| 31:10 | Create | Militia |
| 31:10 | Create | Militia |
| 31:10 | Create | Militia |
| 31:10 | Create | Militia |
| 31:10 | Create | Militia |
| 31:10 | Create | Militia |
| 31:11 | Create | Militia |
| 31:11 | Create | Militia |
| 31:11 | Create | Militia |
| 31:11 | Create | Militia |
| 31:11 | Create | Militia |
| 31:11 | Create | Militia |
| 31:18 | Create | Villager (Male) |
| 31:18 | Create | Villager (Male) |
| 31:19 | Create | Villager (Male) |
| 31:19 | Create | Villager (Male) |
| 31:30 | Build | Farm |
| 31:30 | Build | Farm |
| 31:31 | Build | Farm |
| 31:32 | Build | Farm |
| 31:32 | Build | Farm |
Build order — FreshlySqueezed
First 150 of 418 actions detected
| 0:09 | Build | House |
| 0:11 | Build | House |
| 0:12 | Build | House |
| 0:18 | Research | Loom |
| 0:19 | Create | Villager (Male) |
| 0:19 | Create | Villager (Male) |
| 0:19 | Create | Villager (Male) |
| 0:20 | Create | Villager (Male) |
| 0:20 | Create | Villager (Male) |
| 2:28 | Create | Villager (Male) |
| 2:29 | Create | Villager (Male) |
| 2:59 | Create | Villager (Male) |
| 3:20 | Create | Villager (Male) |
| 3:20 | Create | Villager (Male) |
| 3:37 | Create | Villager (Male) |
| 4:12 | Build | Lumber Camp |
| 4:16 | Create | Villager (Male) |
| 4:16 | Create | Villager (Male) |
| 5:06 | Create | Villager (Male) |
| 5:06 | Create | Villager (Male) |
| 5:06 | Create | Villager (Male) |
| 5:06 | Create | Villager (Male) |
| 5:25 | Create | Villager (Male) |
| 5:26 | Create | Villager (Male) |
| 5:26 | Create | Villager (Male) |
| 6:40 | Build | Mill |
| 6:45 | Create | Villager (Male) |
| 6:45 | Create | Villager (Male) |
| 6:46 | Create | Villager (Male) |
| 6:46 | Create | Villager (Male) |
| 7:49 | Build | House |
| 7:52 | Build | House |
| 8:42 | Create | Villager (Male) |
| 8:43 | Create | Villager (Male) |
| 8:45 | Create | Villager (Male) |
| 8:54 | Build | Palisade Wall |
| 9:08 | Build | Mill |
| 9:54 | Build | Mining Camp |
| 10:00 | Research | Feudal Age |
| 10:35 | Build | Mining Camp |
| 11:04 | Build | Farm |
| 12:11 | Age | Feudal Age |
| 12:30 | Build | Market |
| 12:38 | Research | Wheelbarrow |
| 12:41 | Research | Double-Bit Axe |
| 13:09 | Create | Villager (Male) |
| 13:09 | Create | Villager (Male) |
| 13:10 | Create | Villager (Male) |
| 13:10 | Create | Villager (Male) |
| 13:11 | Create | Villager (Male) |
| 14:02 | Build | Blacksmith |
| 15:38 | Build | Farm |
| 15:39 | Build | Farm |
| 16:26 | Build | Stone Wall |
| 16:52 | Research | Castle Age |
| 17:05 | Build | Mining Camp |
| 17:22 | Build | Mining Camp |
| 18:15 | Research | Gold Mining |
| 18:16 | Research | Stone Mining |
| 18:55 | Create | Trade Cart |
| 18:55 | Create | Trade Cart |
| 18:55 | Create | Trade Cart |
| 18:56 | Create | Trade Cart |
| 18:56 | Create | Trade Cart |
| 18:56 | Create | Trade Cart |
| 18:56 | Create | Trade Cart |
| 19:11 | Create | Villager (Male) |
| 19:11 | Create | Villager (Male) |
| 19:32 | Age | Castle Age |
| 19:56 | Build | House |
| 20:00 | Build | House |
| 20:01 | Build | House |
| 20:02 | Build | House |
| 20:12 | Build | Farm |
| 20:16 | Create | Villager (Male) |
| 20:34 | Create | Villager (Male) |
| 21:01 | Build | University |
| 21:10 | Build | Monastery |
| 21:22 | Build | Farm |
| 21:25 | Create | Villager (Male) |
| 21:38 | Build | Farm |
| 22:37 | Research | Treadmill Crane |
| 22:41 | Create | Monk |
| 22:48 | Create | Villager (Male) |
| 22:48 | Create | Villager (Male) |
| 22:48 | Create | Villager (Male) |
| 22:48 | Create | Villager (Male) |
| 22:49 | Create | Villager (Male) |
| 23:43 | Build | Town Center |
| 23:56 | Create | Villager (Male) |
| 24:03 | Research | Hand Cart |
| 24:06 | Create | Villager (Male) |
| 24:06 | Create | Villager (Male) |
| 24:15 | Research | Gold Shaft Mining |
| 25:03 | Create | Villager (Male) |
| 25:04 | Create | Villager (Male) |
| 25:41 | Build | Town Center |
| 25:55 | Create | Villager (Male) |
| 25:55 | Create | Villager (Male) |
| 25:55 | Create | Villager (Male) |
| 25:56 | Create | Villager (Male) |
| 25:56 | Create | Villager (Male) |
| 26:03 | Build | Mill |
| 26:03 | Build | Mill |
| 26:03 | Build | Mill |
| 26:03 | Build | Mill |
| 26:04 | Build | Mill |
| 26:04 | Build | Mill |
| 26:04 | Build | Mill |
| 26:05 | Build | Mill |
| 26:05 | Build | Mill |
| 26:05 | Build | Mill |
| 26:06 | Build | Mill |
| 26:06 | Build | Mill |
| 26:06 | Build | Mill |
| 26:07 | Build | Mill |
| 26:55 | Build | Farm |
| 27:09 | Create | Villager (Male) |
| 27:09 | Create | Villager (Male) |
| 27:09 | Create | Villager (Male) |
| 27:10 | Create | Villager (Male) |
| 27:10 | Create | Villager (Male) |
| 27:10 | Create | Villager (Male) |
| 27:10 | Create | Villager (Male) |
| 27:23 | Create | Villager (Male) |
| 27:23 | Create | Villager (Male) |
| 27:23 | Create | Villager (Male) |
| 27:23 | Create | Villager (Male) |
| 27:24 | Create | Villager (Male) |
| 27:24 | Create | Villager (Male) |
| 27:24 | Create | Villager (Male) |
| 27:24 | Create | Villager (Male) |
| 27:32 | Build | Farm |
| 27:40 | Build | Farm |
| 28:00 | Build | Lumber Camp |
| 28:09 | Build | Lumber Camp |
| 28:14 | Build | Farm |
| 28:18 | Create | Villager (Male) |
| 28:18 | Create | Villager (Male) |
| 28:19 | Create | Villager (Male) |
| 28:48 | Create | Villager (Male) |
| 28:49 | Create | Villager (Male) |
| 28:49 | Create | Villager (Male) |
| 28:49 | Create | Villager (Male) |
| 28:49 | Create | Villager (Male) |
| 28:50 | Create | Villager (Male) |
| 28:50 | Create | Villager (Male) |
| 28:50 | Create | Villager (Male) |
| 28:51 | Create | Villager (Male) |
| 28:51 | Create | Villager (Male) |
Build order — Muscovy
124 actions detected in the replay
| 0:22 | Research | Loom |
| 0:23 | Create | Villager (Male) ×4 |
| 0:59 | Build | House |
| 1:01 | Build | House |
| 1:03 | Build | House |
| 1:05 | Build | House |
| 2:56 | Create | Villager (Male) |
| 3:31 | Create | Villager (Male) |
| 3:31 | Create | Villager (Male) |
| 4:04 | Create | Villager (Male) |
| 4:05 | Create | Villager (Male) |
| 4:30 | Create | Villager (Male) |
| 4:30 | Create | Villager (Male) |
| 4:45 | Create | Villager (Male) |
| 4:46 | Create | Villager (Male) |
| 4:51 | Create | Villager (Male) |
| 5:09 | Create | Villager (Male) |
| 5:39 | Create | Villager (Male) |
| 5:40 | Create | Villager (Male) |
| 5:55 | Create | Villager (Male) |
| 6:18 | Build | Lumber Camp |
| 6:38 | Build | Mill |
| 6:51 | Create | Villager (Male) |
| 6:51 | Create | Villager (Male) |
| 6:52 | Create | Villager (Male) |
| 6:52 | Create | Villager (Male) |
| 8:36 | Build | Mill |
| 8:46 | Create | Villager (Male) ×5 |
| 9:36 | Create | Villager (Male) ×3 |
| 11:11 | Build | House |
| 11:12 | Build | House |
| 11:17 | Research | Feudal Age |
| 12:29 | Build | House |
| 12:31 | Build | House |
| 12:34 | Build | House |
| 12:36 | Build | House |
| 12:41 | Build | House |
| 12:44 | Build | House |
| 13:31 | Age | Feudal Age |
| 13:51 | Research | Wheelbarrow |
| 13:59 | Research | Horse Collar |
| 14:10 | Build | Lumber Camp |
| 14:27 | Research | Town Watch |
| 14:34 | Create | Villager (Male) ×5 |
| 15:06 | Build | House |
| 15:09 | Build | House |
| 15:12 | Build | House |
| 15:14 | Build | House |
| 15:17 | Build | House |
| 16:34 | Build | Farm |
| 16:37 | Build | Farm |
| 16:40 | Build | Farm |
| 16:41 | Build | Farm |
| 16:43 | Build | Farm |
| 16:45 | Build | Farm |
| 16:48 | Build | Farm |
| 16:51 | Build | Farm |
| 17:02 | Create | Villager (Male) ×5 |
| 18:06 | Build | Market |
| 18:29 | Build | Blacksmith |
| 19:06 | Build | Farm |
| 19:08 | Build | Farm |
| 19:15 | Build | Farm |
| 19:19 | Build | Farm |
| 19:49 | Build | Mining Camp |
| 21:00 | Research | Castle Age |
| 21:20 | Build | Mining Camp |
| 22:52 | Research | Gold Mining |
| 22:54 | Research | Stone Mining |
| 23:40 | Age | Castle Age |
| 23:53 | Research | Hand Cart |
| 23:58 | Research | Double-Bit Axe |
| 24:14 | Research | Heavy Plow |
| 25:33 | Build | Town Center |
| 25:58 | Research | Stone Shaft Mining |
| 26:21 | Build | Castle |
| 27:40 | Create | Villager (Male) |
| 27:40 | Create | Villager (Male) |
| 27:41 | Create | Villager (Male) |
| 28:00 | Build | Mining Camp |
| 28:10 | Create | Villager (Male) |
| 28:10 | Create | Villager (Male) |
| 28:10 | Create | Villager (Male) |
| 28:29 | Create | Huskarl ×5 |
| 28:29 | Create | Huskarl ×5 |
| 30:38 | Create | Huskarl ×5 |
| 30:38 | Create | Huskarl ×5 |
| 30:38 | Create | Huskarl ×4 |
| 30:39 | Create | Huskarl |
| 30:39 | Create | Huskarl |
| 33:20 | Create | Villager (Male) ×2 |
| 33:27 | Create | Villager (Male) |
| 34:23 | Create | Huskarl ×4 |
| 34:24 | Create | Huskarl ×4 |
| 35:17 | Create | Huskarl ×4 |
| 35:17 | Create | Huskarl ×4 |
| 35:17 | Create | Huskarl ×4 |
| 35:35 | Create | Huskarl ×2 |
| 36:05 | Create | Villager (Male) ×2 |
| 36:15 | Build | Farm |
| 36:17 | Build | Farm |
| 36:18 | Build | Farm |
| 36:31 | Build | House |
| 36:32 | Build | House |
| 36:34 | Build | House |
| 36:35 | Build | House |
| 36:44 | Create | Huskarl ×3 |
| 37:08 | Build | Farm |
| 37:10 | Build | Farm |
| 37:40 | Create | Huskarl ×5 |
| 37:40 | Create | Huskarl ×5 |
| 37:41 | Create | Huskarl ×2 |
| 38:39 | Build | Town Center |
| 39:07 | Build | Town Center |
| 42:15 | Create | Villager (Male) |
| 42:15 | Create | Villager (Male) |
| 43:25 | Build | Lumber Camp |
| 43:47 | Build | Farm |
| 45:46 | Build | Siege Workshop |
| 47:42 | Build | Mining Camp |
| 49:30 | Build | Farm |
| 49:32 | Build | Farm |
| 49:35 | Build | Farm |
| 49:38 | Build | Farm |
Build order — GUSTAVO-nardes
First 150 of 197 actions detected
| 0:17 | Research | Loom |
| 0:17 | Create | Villager (Male) |
| 0:18 | Create | Villager (Male) |
| 0:18 | Create | Villager (Male) |
| 0:18 | Create | Villager (Male) |
| 1:56 | Create | Villager (Male) |
| 3:20 | Create | Villager (Male) |
| 3:21 | Create | Villager (Male) |
| 3:21 | Create | Villager (Male) |
| 3:21 | Create | Villager (Male) |
| 3:55 | Build | Mill |
| 3:59 | Create | Villager (Male) |
| 4:24 | Create | Villager (Male) |
| 4:56 | Create | Villager (Male) |
| 4:57 | Create | Villager (Male) |
| 5:16 | Create | Villager (Male) |
| 5:49 | Create | Villager (Male) |
| 6:42 | Create | Villager (Male) |
| 6:42 | Create | Villager (Male) |
| 6:42 | Create | Villager (Male) |
| 6:42 | Create | Villager (Male) |
| 6:43 | Create | Villager (Male) |
| 6:57 | Create | Villager (Male) |
| 7:42 | Build | Lumber Camp |
| 9:17 | Build | Mining Camp |
| 10:02 | Create | Villager (Male) |
| 10:18 | Research | Feudal Age |
| 10:33 | Build | Mill |
| 11:43 | Create | Villager (Male) |
| 11:43 | Create | Villager (Male) |
| 13:13 | Build | Farm |
| 13:35 | Create | Villager (Male) |
| 13:36 | Create | Villager (Male) |
| 13:36 | Create | Villager (Male) |
| 13:36 | Create | Villager (Male) |
| 13:48 | Build | Farm |
| 14:10 | Build | Farm |
| 15:08 | Build | Farm |
| 15:12 | Create | Villager (Male) |
| 15:12 | Create | Villager (Male) |
| 15:12 | Create | Villager (Male) |
| 15:17 | Create | Villager (Male) |
| 15:17 | Create | Villager (Male) |
| 15:47 | Build | Farm |
| 16:12 | Build | Farm |
| 16:23 | Create | Villager (Male) |
| 17:21 | Build | Market |
| 17:38 | Create | Villager (Male) |
| 17:38 | Create | Villager (Male) |
| 17:39 | Create | Villager (Male) |
| 17:57 | Build | Farm |
| 17:59 | Build | Farm |
| 18:01 | Build | Farm |
| 18:03 | Build | Farm |
| 18:22 | Build | Farm |
| 18:39 | Build | Mining Camp |
| 18:56 | Create | Trade Cart |
| 18:56 | Create | Trade Cart |
| 18:56 | Create | Trade Cart |
| 18:57 | Create | Trade Cart |
| 18:58 | Create | Trade Cart |
| 18:59 | Create | Trade Cart |
| 18:59 | Create | Trade Cart |
| 18:59 | Create | Trade Cart |
| 19:28 | Build | Lumber Camp |
| 19:36 | Create | Villager (Male) |
| 19:36 | Create | Villager (Male) |
| 20:25 | Build | Barracks |
| 20:42 | Build | Farm |
| 20:54 | Create | Villager (Male) |
| 20:54 | Create | Villager (Male) |
| 21:28 | Build | Farm |
| 21:41 | Build | Blacksmith |
| 21:44 | Research | Man-at-Arms (upgrade) |
| 21:52 | Build | Farm |
| 22:15 | Create | Villager (Male) |
| 22:15 | Create | Villager (Male) |
| 22:54 | Build | Mining Camp |
| 23:15 | Research | Castle Age |
| 23:47 | Create | Militia |
| 23:47 | Create | Militia |
| 23:47 | Create | Militia |
| 24:03 | Build | Farm |
| 24:53 | Create | Militia |
| 25:18 | Create | Militia |
| 25:18 | Create | Militia |
| 25:18 | Create | Militia |
| 25:18 | Create | Militia |
| 25:20 | Create | Militia |
| 25:20 | Create | Militia |
| 25:21 | Create | Militia |
| 25:21 | Create | Militia |
| 25:21 | Create | Militia |
| 25:48 | Create | Villager (Male) |
| 26:18 | Research | Long Swordsman (upgrade) |
| 26:32 | Build | Stable |
| 27:29 | Research | Scale Barding Armor |
| 27:31 | Research | Forging |
| 27:34 | Create | Villager (Male) |
| 27:45 | Create | Villager (Male) |
| 28:09 | Build | Siege Workshop |
| 28:39 | Build | Farm |
| 28:41 | Build | Farm |
| 28:51 | Create | Villager (Male) |
| 28:52 | Create | Villager (Male) |
| 28:52 | Create | Villager (Male) |
| 29:26 | Create | Knight |
| 29:26 | Create | Knight |
| 29:27 | Create | Knight |
| 29:27 | Create | Knight |
| 29:27 | Create | Knight |
| 29:44 | Build | Farm |
| 30:02 | Build | Lumber Camp |
| 30:32 | Build | Mining Camp |
| 32:04 | Create | Knight |
| 32:04 | Create | Knight |
| 32:04 | Create | Knight |
| 32:04 | Create | Knight |
| 32:05 | Create | Knight |
| 32:05 | Create | Knight |
| 32:20 | Build | Monastery |
| 32:45 | Create | Trade Cart |
| 32:45 | Create | Trade Cart |
| 32:45 | Create | Trade Cart |
| 32:45 | Create | Trade Cart |
| 33:36 | Research | Imperial Age |
| 33:58 | Build | Castle |
| 34:10 | Create | Monk |
| 38:32 | Research | Cavalier (upgrade) |
| 39:32 | Build | Stable |
| 39:41 | Research | Paladin (upgrade) |
| 39:50 | Create | Petard |
| 39:50 | Create | Petard |
| 39:51 | Create | Petard |
| 39:54 | Create | Petard |
| 39:55 | Create | Petard |
| 40:54 | Build | Stable |
| 41:05 | Create | Trade Cart |
| 41:05 | Create | Trade Cart |
| 41:05 | Create | Trade Cart |
| 41:05 | Create | Trade Cart |
| 41:06 | Create | Trade Cart |
| 41:06 | Create | Trade Cart |
| 42:09 | Create | Villager (Male) |
| 42:09 | Create | Villager (Male) |
| 42:09 | Create | Villager (Male) |
| 42:09 | Create | Villager (Male) |
| 42:18 | Build | Stable |
| 42:29 | Research | Husbandry |
| 42:30 | Research | Bloodlines |
Build order — Bob
142 actions detected in the replay
| 0:05 | Create | Villager (Male) ×4 |
| 0:05 | Create | Villager (Male) ×4 |
| 0:13 | Build | House |
| 0:15 | Build | House |
| 0:16 | Build | House |
| 0:17 | Build | House |
| 2:19 | Research | Loom |
| 3:02 | Create | Villager (Male) |
| 3:25 | Create | Villager (Male) |
| 3:25 | Create | Villager (Male) |
| 4:21 | Create | Villager (Male) |
| 4:36 | Create | Villager (Male) |
| 5:03 | Create | Villager (Male) |
| 5:05 | Create | Villager (Male) |
| 5:29 | Create | Villager (Male) |
| 5:57 | Create | Villager (Male) |
| 6:07 | Create | Villager (Male) |
| 6:20 | Create | Villager (Male) |
| 7:02 | Build | Mill |
| 7:10 | Create | Villager (Male) |
| 7:10 | Create | Villager (Male) |
| 7:11 | Create | Villager (Male) |
| 7:11 | Create | Villager (Male) |
| 9:05 | Build | Lumber Camp |
| 9:22 | Build | Mill |
| 9:39 | Create | Villager (Male) |
| 9:39 | Create | Villager (Male) |
| 9:39 | Create | Villager (Male) |
| 9:40 | Create | Villager (Male) |
| 9:40 | Create | Villager (Male) |
| 10:25 | Create | Villager (Male) |
| 10:25 | Create | Villager (Male) |
| 10:38 | Build | House |
| 11:16 | Research | Feudal Age |
| 12:10 | Create | Villager (Male) |
| 12:47 | Build | Mining Camp |
| 13:26 | Age | Feudal Age |
| 13:33 | Research | Wheelbarrow |
| 13:36 | Research | Double-Bit Axe |
| 13:44 | Research | Town Watch |
| 14:36 | Research | Horse Collar |
| 14:56 | Create | Villager (Male) |
| 15:23 | Create | Villager (Male) |
| 16:07 | Build | Farm |
| 16:20 | Build | Barracks |
| 16:32 | Build | Farm |
| 16:55 | Build | Market |
| 17:15 | Build | Farm |
| 17:17 | Build | Farm |
| 17:18 | Build | Farm |
| 17:46 | Build | Farm |
| 17:53 | Build | Farm |
| 18:00 | Build | Farm |
| 18:22 | Build | Farm |
| 18:24 | Build | Farm |
| 18:26 | Build | Farm |
| 18:29 | Build | Farm |
| 18:58 | Build | Farm |
| 19:28 | Build | Blacksmith |
| 20:04 | Build | Stable |
| 20:16 | Research | Castle Age |
| 20:31 | Build | Stable |
| 21:59 | Build | Lumber Camp |
| 22:56 | Age | Castle Age |
| 23:09 | Build | Town Center |
| 23:25 | Build | Town Center |
| 23:31 | Research | Bow Saw |
| 24:17 | Create | Villager (Male) ×5 |
| 24:18 | Create | Villager (Male) ×5 |
| 24:18 | Create | Villager (Male) ×5 |
| 25:00 | Create | Villager (Male) ×5 |
| 25:14 | Create | Villager (Male) ×5 |
| 26:20 | Research | Heavy Plow |
| 26:26 | Research | Stone Mining |
| 26:45 | Build | House |
| 27:44 | Build | Archery Range |
| 28:02 | Research | Stone Shaft Mining |
| 28:45 | Build | Castle |
| 28:51 | Research | Husbandry |
| 28:55 | Research | Light Cavalry (upgrade) |
| 29:01 | Research | Elite Skirmisher (upgrade) |
| 29:03 | Create | Cavalry Archer |
| 29:06 | Research | Crossbowman (upgrade) |
| 29:25 | Build | House |
| 29:26 | Build | House |
| 29:28 | Build | House |
| 29:29 | Build | House |
| 29:43 | Create | Cavalry Archer |
| 30:06 | Build | Mining Camp |
| 30:40 | Build | Mining Camp |
| 31:13 | Create | Mangudai |
| 31:25 | Create | Mangudai |
| 31:42 | Research | Padded Archer Armor |
| 31:43 | Research | Fletching |
| 31:45 | Research | Scale Barding Armor |
| 32:21 | Create | Mangudai |
| 32:27 | Create | Mangudai |
| 32:33 | Research | Hand Cart |
| 32:42 | Create | Mangudai |
| 32:56 | Create | Mangudai |
| 33:04 | Research | Chain Barding Armor |
| 33:05 | Research | Leather Archer Armor |
| 33:30 | Build | Town Center |
| 33:53 | Create | Mangudai |
| 34:05 | Create | Mangudai |
| 34:20 | Create | Mangudai |
| 34:26 | Research | Coinage |
| 34:58 | Build | University |
| 35:07 | Create | Camel Scout |
| 35:07 | Create | Camel Scout |
| 35:10 | Research | Bloodlines |
| 35:13 | Create | Camel Scout |
| 35:14 | Create | Camel Scout |
| 36:02 | Create | Villager (Male) |
| 36:03 | Create | Villager (Male) |
| 36:47 | Build | Castle |
| 37:07 | Create | Camel Scout |
| 37:08 | Create | Camel Scout |
| 37:15 | Create | Camel Scout |
| 38:03 | Build | Mining Camp |
| 41:14 | Build | Mining Camp |
| 41:21 | Research | Gold Mining |
| 42:44 | Research | Nomads |
| 42:50 | Research | Imperial Age |
| 42:53 | Research | Scale Mail Armor |
| 42:54 | Research | Forging |
| 42:54 | Research | Bodkin Arrow |
| 42:59 | Research | Ballistics |
| 43:00 | Research | Murder Holes |
| 43:11 | Create | Mangudai |
| 43:12 | Create | Mangudai |
| 43:12 | Create | Mangudai |
| 44:40 | Build | Town Center |
| 44:47 | Research | Chain Mail Armor |
| 44:48 | Research | Iron Casting |
| 45:13 | Research | Thumb Ring |
| 45:43 | Build | Castle |
| 45:52 | Research | Town Patrol |
| 46:00 | Age | Imperial Age |
| 46:09 | Build | Castle |
| 46:36 | Research | Drill |
| 47:28 | Research | Conscription |
Match timeline
| 8:54 | FreshlySqueezed · wall_segment Palisade Wall x1 |
| 9:22 | Matheus wn8088 · first_building Barracks |
| 10:58 | TU RICO PRESI · age_up feudal |
| 12:11 | FreshlySqueezed · age_up feudal |
| 13:13 | TU RICO PRESI · first_building Barracks |
| 13:26 | Bob · age_up feudal |
| 13:31 | Muscovy · age_up feudal |
| 15:43 | godiswelcome15 · age_up feudal |
| 16:20 | Bob · first_building Barracks |
| 16:26 | FreshlySqueezed · wall_segment Stone Wall x44 |
| 16:36 | jmtown · age_up feudal |
| 16:49 | FreshlySqueezed · first_market_buy 100 food |
| 17:07 | jmtown · first_building Barracks |
| 19:32 | FreshlySqueezed · age_up castle |
| 20:04 | Bob · first_building Stable |
| 20:25 | GUSTAVO-nardes · first_building Barracks |
| 20:42 | Muscovy · first_market_sell 100 wood |
| 21:10 | FreshlySqueezed · first_building Monastery |
| 22:22 | TU RICO PRESI · wall_segment Stone Wall x44 |
| 22:56 | Bob · age_up castle |
| 23:05 | TU RICO PRESI · age_up castle |
| 23:18 | Matheus wn8088 · first_market_buy 100 food |
| 23:40 | Muscovy · age_up castle |
| 26:21 | Muscovy · first_building Castle |
| 26:22 | TU RICO PRESI · first_building Castle |
| 26:32 | GUSTAVO-nardes · first_building Stable |
| 27:44 | Bob · first_building Archery Range |
| 28:09 | GUSTAVO-nardes · first_building Siege Workshop |
| 28:45 | Bob · first_building Castle |
| 30:36 | FreshlySqueezed · first_building Castle |
| 30:58 | TU RICO PRESI · first_building Monastery |
| 32:20 | godiswelcome15 · age_up castle |
| 32:20 | GUSTAVO-nardes · first_building Monastery |
| 33:58 | GUSTAVO-nardes · first_building Castle |
| 34:24 | FreshlySqueezed · first_building Barracks |
| 35:50 | godiswelcome15 · first_building Barracks |
| 39:05 | godiswelcome15 · first_building Monastery |
| 39:28 | jmtown · first_building Stable |
| 40:43 | FreshlySqueezed · age_up imperial |
| 41:28 | FreshlySqueezed · first_market_sell 100 stone |
| 41:42 | TU RICO PRESI · age_up imperial |
| 44:42 | Matheus wn8088 · first_building Castle |
| 45:39 | TU RICO PRESI · first_market_buy 100 food |
| 45:46 | Muscovy · first_building Siege Workshop |
| 46:00 | Bob · age_up imperial |
| 47:23 | GUSTAVO-nardes · first_market_buy 100 stone |
| 48:14 | Bob · resign |
[ AI ANALYSIS · 1 CREDIT ]
What really happened in this match?
Wolo.gg analyzes every decision: build order, eco, micro, common mistakes by bracket. Personalized analysis on WhatsApp or Discord in 30 seconds.
Civ guide
Bulgarians
Map guide
MegaRandom
Perfil
godiswelcome15